 Dungeon Crawl Stone Soup version 0.29-a0-350-g7790a0e70a (webtiles) character file.

Game seed: 14316114251329915066

128 ObtusePanda the Skirmisher (level 4, 0/39 (41) HPs)
             Began as a Draconian Fighter on Apr 23, 2022.
             Slain by a wight
             ... wielding a +1 short sword
              (7 damage)
             ... on level 4 of the Dungeon.
             The game lasted 00:10:35 (2563 turns).

ObtusePanda the Skirmisher (Draconian Fighter)      Turns: 2563, Time: 00:10:35

HP:   0/39 (41)     AC:  5    Str: 20      XL:     4   Next: 87%
MP:   4/4           EV: 12    Int:  5 (8)  God:
Gold: 149           SH:  4    Dex: 10 (11) Spells: 3/3 levels left

rFire   . . .      SeeInvis .   f - +2 hand axe (vamp)
rCold   . . .      Faith    .   b - +0 buckler
rNeg    . . .      Spirit   .   (body armour unavailable)
rPois   .          Reflect  .   (helmet restricted)
rElec   .          Harm     .   (no cloak)
rCorr   .          Rampage  .   (no gloves)
Will    .....                   (no boots)
Stlth   +.........              (no amulet)
HPRegen 0.13/turn               (no ring)
MPRegen 0.09/turn               (no ring)

@: lightly drained
A: AC +5, unfitting armour, cold-blooded
a: no special abilities


You were on level 4 of the Dungeon.
You visited 1 branch of the dungeon, and saw 4 of its levels.

You collected 149 gold pieces.

Inventory:

Hand Weapons
 a - a +0 rapier
 c - a +2 short sword of speed
 f - a +2 vampiric hand axe (weapon)
Armour
 b - a +0 buckler (worn)
 g - a +0 robe
 k - a +0 helmet
Wands
 n - a wand of acid (11)
Scrolls
 d - 3 scrolls of noise
 e - 3 scrolls of vulnerability
 j - a scroll of magic mapping
 m - a scroll of identify
Potions
 h - 3 potions of degeneration
 i - a potion of flight {unknown}
 l - a potion of curing
 o - a potion of mutation {unknown}


   Skills:
 * Level 4.9 Fighting
 - Level 2.1 Short Blades
 + Level 1.9 Axes
 - Level 2.7 Dodging
 + Level 3.8 Shields


You had 3 spell levels left.
You didn't know any spells.
Your spell library contained the following spells:

 Spells                   Type           Power      Damage    Failure   Level
 Sandblast                Erth           0%         2d4       56%         1
 Passwall                 Tmut/Erth      0%         N/A       71%         2
 Stone Arrow              Conj/Erth      0%         3d7       90%         3


Dungeon Overview and Level Annotations

Branches:
Dungeon (4/15)
 Temple: D:4-7

Altars:
Hepliaklqana
Zin

Shops:
D:1 ?


Innate Abilities, Weirdness & Mutations

Your plain brown scales are hard. (AC +5)
You cannot fit into any form of body armour.
You are cold-blooded and may be slowed by cold attacks.


Message History

There is a stone staircase leading down here.
You climb downwards.
There is a stone staircase leading up here.
No target in view! 3 wights come into view.
Found a stone staircase leading down.
A wight comes into view. It is wielding a +1 long sword.
A wight comes into view. It is wielding a +4 long sword.
You hit the wight.
The wight is moderately damaged.
You barely miss the wight. You closely miss the wight.
The wight barely misses you. x2; You block the wight's attack.
You hit the wight.
Your tail-slap misses the wight.
The wight is severely damaged.
You closely miss the wight. You hit the wight.
The wight hits you with a +5 dire flail!
You barely miss the wight.
The wight is severely damaged.
You closely miss the wight. You hit the wight but do no damage.
The wight hits you with a +5 dire flail!
The wight hits you with a +1 short sword.
You block the wight's attack. The wight closely misses you.
The wight barely misses you. x3
You block the wight's attack. The wight attacks as you move away!
The wight hits you with a +1 long sword.
The wight barely misses you. The wight attacks as you move away!
The wight completely misses you.
You completely miss the wight. You hit the wight. You barely miss the wight.
The wight hits you with a +1 long sword!
* * * LOW HITPOINT WARNING * * *
You feel drained.
* * * LOW HITPOINT WARNING * * *
The wight closely misses you.
You hit the wight. You tail-slap the wight.
The wight is moderately damaged.
You barely miss the wight. x2; You hit the wight but do no damage.
The wight closely misses you.
The wight hits you with a +1 short sword!
You die...

.# .. #.# #.# #.# #
. .. #.# .# .. . #.
#.# .# ...
#.####.###.##.#....
#....#..##.........
#...zz..........
##..@.z.........
#..zz..........
#######........
#>....... #......##
#......# ########


You could see 5 wights.

Vanquished Creatures
  Jessica (D:2)
  Terence (D:2)
  3 adders
  2 dart slugs
  2 ball pythons
  5 endoplasms
  A giant cockroach (D:1)
  7 goblins
  5 hobgoblins
  3 jackals (D:1)
  3 quokkas (D:1)
  2 bats (D:3)
  3 frilled lizards (D:2)
  6 kobolds
44 creatures vanquished.

Notes
Turn   | Place    | Note
-------+----------+-------------------------------------------
     0 | D:1      | ObtusePanda the Draconian Fighter began the quest for the
                  | Orb.
     0 | D:1      | Reached XP level 1. HP: 19/19 MP: 1/1
   184 | D:1      | Reached XP level 2. HP: 26/26 MP: 2/2
   225 | D:1      | Found Likkena's Magic Scroll Emporium.
   913 | D:2      | Noticed Jessica
   925 | D:2      | Killed Jessica
   926 | D:2      | Reached skill level 4 in Fighting
   926 | D:2      | Reached skill level 1 in Axes
   926 | D:2      | Reached XP level 3. HP: 29/33 MP: 3/3
  1000 | D:2      | Found a hazy altar of Hepliaklqana.
  1034 | D:2      | Noticed Terence
  1051 | D:2      | Killed Terence
  1052 | D:2      | Reached XP level 4. HP: 19/41 MP: 4/4
  1951 | D:3      | Found the +2 ratskin cloak {*Rats rPois rN+ Str-1 Int-1
                  | Dex+1}
  2320 | D:3      | Found a glowing silver altar of Zin.
  2488 | D:4      | Noticed an ice beast
  2563 | D:4      | Slain by a wight

Illustrated notes

Levels and vault maps discovered:
D:1:      dpeg_arrival_arbitrary_b, layout_loops_ring, serial_shops,
          shop_scrolls
D:2:      layout_rooms, basic_altar, uniq_jessica, uniq_terence
D:3:      layout_loops_ring, zin_treasury
D:4:      layout_rooms, grunt_temple_overflow_open, xom_redecorated

Skill      XL: |  1  2 |
---------------+-------+-----
Fighting       | 4 |  4.9
Axes           | 1 |  1.9
Short Blades   | |  2.1
Dodging        | |  2.7
Shields        | |  3.8

Action                   |  1- 3 |  4- 6 || total
-------------------------+-------+-------++-------
Melee: Rapier            |    12 |       ||    12
       Hand axe          |    63 |    63 ||   126
       Tailslap          |    13 |     8 ||    21
  Use: Potion            |     1 |     1 ||     2
       Scroll            |       |     6 ||     6
 Stab: Sleeping          |       |     1 ||     1
Armor: Skin              |    21 |    20 ||    41
Dodge: Dodged            |    36 |    52 ||    88
Block: Buckler           |    18 |    17 ||    35

Table legend: (Time is in decaauts)
 A = Elapsed time spent in this place.
 B = Non-inter-level travel time spent in this place.
 C = Inter-level travel time spent in this place.
 D = Time resting spent in this place.
 E = Time spent auto-exploring this place.
 F = Levels seen in this place.
 G = Mean time per level.
                   A        B        C        D        E       F      G
               +--------+--------+--------+--------+--------+-----+--------+
         Total |   2598 |   2419 |    179 |    403 |   1289 |   4 |  649.5 |
       Dungeon |   2598 |   2419 |    179 |    403 |   1289 |   4 |  649.5 |
               +--------+--------+--------+--------+--------+-----+--------+

Top non-repeatable levels by time:
     D:2: 889 daAuts
     D:1: 871 daAuts
     D:3: 795 daAuts
     D:4: 42 daAuts
